 Dungeon Crawl Stone Soup version 0.27-a0-1281-ge233d83751 (webtiles) character file.

Game seed: 1206294417110323649

395 bande the Covered (level 6, -5/38 HPs)
             Began as a Gargoyle Fighter on June 14, 2021.
             Slain by a two-headed ogre (24 damage)
             ... on level 4 of the Dungeon.
             The game lasted 00:05:07 (3751 turns).

bande the Covered (Gargoyle Fighter)                Turns: 3751, Time: 00:05:08

Health: -5/38      AC: 14    Str: 26    XL:     6   Next: 82%
Magic:  6/6        EV:  6    Int:  9    God:
Gold:   206        SH: 10    Dex: 10    Spells: 5/5 levels left

rFire    . . .     SeeInvis .   j - +1 hand axe (freeze)
rCold    . . .     Faith    .   c - +0 kite shield
rNeg     + . .     Spirit   .   l - +0 chain mail
rPois    ∞         Reflect  .   (no helmet)
rElec    +         Harm     .   (no cloak)
rCorr    .         Rampage  .   (no gloves)
Will     .....                  (no boots)
Stlth    ..........             (no amulet)
HPRegen  0.12/turn              n - +6 ring of strength
MPRegen  0.10/turn              (no ring)

@: no status effects
A: sickness immunity, AC +4, negative energy resistance 1, electricity
resistance, torment resistance 1, petrification resistance
a: no special abilities


You were on level 4 of the Dungeon.
You visited 1 branch of the dungeon, and saw 4 of its levels.

You collected 206 gold pieces.

Inventory:

Hand Weapons
 a - a +1 war axe
 j - a +1 hand axe of freezing (weapon)
 k - a +0 vorpal hand axe
Armour
 c - a +0 kite shield (worn)
 l - a +0 chain mail (worn)
Jewellery
 h - a ring of magical power
 n - a +6 ring of strength (left hand)
 o - a +6 ring of dexterity
Scrolls
 b - a scroll of amnesia {unknown}
 e - 2 scrolls of identify
 f - 2 scrolls of teleportation {unknown}
 m - a scroll of vulnerability {unknown}
Potions
 d - 2 potions of might
 g - 2 potions of magic {unknown}
 i - a potion of curing
 p - a potion of degeneration {unknown}


   Skills:
 + Level 4.1 Fighting
 + Level 4.4 Axes
 + Level 4.8 Armour
 + Level 0.4 Dodging
 + Level 4.5 Shields


You had 5 spell levels left.
You didn't know any spells.
Your spell library contained the following spells:

 Spells                   Type           Power      Damage    Failure   Level
 Animate Skeleton         Necr           0%         N/A       100%        1
 Apportation              Tloc           0%         N/A       100%        1
 Corona                   Hex            0%         N/A       100%        1
 Summon Small Mammal      Summ           0%         N/A       100%        1
 Call Imp                 Summ           0%         N/A       100%        2
 Call Canine Familiar     Summ           0%         N/A       100%        3
 Summon Guardian Golem    Hex/Summ       0%         N/A       100%        3
 Summon Ice Beast         Ice/Summ       0%         N/A       100%        4
 Summon Lightning Spire   Summ/Air       0%         N/A       100%        4


Dungeon Overview and Level Annotations

Branches:
Dungeon (4/15)
 Temple: D:4-7

Altars:
Xom

Shops:
D:1 [

Annotations:
D:3 2 transporters, ZappyNine's ghost, amateur GnTm


Innate Abilities, Weirdness & Mutations

You are immune to sickness and miasma.
Your stone body is resilient. (AC +4)
You are immune to poison.
You resist negative energy. (rN+)
You are resistant to electric shocks. (rElec)
You are resistant to unholy torment.
You are immune to petrification.


Message History

You are too injured to fight recklessly!
You are too injured to fight recklessly!
Unknown command.
You hit the orc priest. You freeze the orc priest.
The orc priest is heavily wounded.
The orc hits you from afar with a +0 trident.
* * * LOW HITPOINT WARNING * * *
You block the orc priest's attack.
Unknown command.
You hit the orc priest. You freeze the orc priest.
You kill the orc priest!
The orc barely misses you. x2
Items here: ! $ ) [.
The orc hits you but does no damage.
Items here: ! $ ) [.
You hit the orc. You freeze the orc.
The orc is heavily wounded.
The orc hits you but does no damage.
You hit the orc. You freeze the orc.
You kill the orc!
You see here a +0 trident.
You start resting.
A two-headed ogre comes into view.
It is wielding a +0 giant club and a +0 dire flail.
The two-headed ogre shouts in stereo!
You slash the two-headed ogre! You freeze the two-headed ogre.
The two-headed ogre is moderately wounded.
The two-headed ogre hits you but does no damage.
You block the two-headed ogre's attack.
You hit the two-headed ogre. You freeze the two-headed ogre.
The two-headed ogre is moderately wounded.
The two-headed ogre barely misses you.
The two-headed ogre hits you with a +0 dire flail!
You slash the two-headed ogre! You freeze the two-headed ogre.
The two-headed ogre is heavily wounded.
You block the two-headed ogre's attack. x2
You hit the two-headed ogre but do no damage.
The two-headed ogre is heavily wounded.
The two-headed ogre hits you with a +0 giant club!!
Ouch! That really hurt!
You die...

.# #### #.# ...###
#..# ##...##
####.##### ###..#
#........#
##.########........#
#.................#
##########........#
#........@.....#
#..#####))O.....#
#.###.##### #. #.#
.. ..# ... #.# ...#
#.# #... #.. ....
...


You could see a two-headed ogre.

Vanquished Creatures
  An ogre (D:4)
  3 crimson imps (D:3)
  An orc priest (D:4)
  An iguana (D:4)
  4 gnolls (D:3)
  An adder (D:4)
  2 worms
  2 dart slugs
  8 orcs
  10 endoplasms
  4 giant cockroaches
  4 goblins
  7 hobgoblins
  13 jackals
  5 kobolds
  2 quokkas (D:2)
  7 ball pythons
  4 bats
  4 frilled lizards
  8 rats
91 creatures vanquished.

Notes
Turn   | Place    | Note
-------+----------+-------------------------------------------
     0 | D:1      | bande the Gargoyle Fighter began the quest for the Orb.
     0 | D:1      | Reached XP level 1. HP: 14/14 MP: 1/1
    63 | D:1      | Reached XP level 2. HP: 19/19 MP: 2/2
   220 | D:1      | Found a faded altar of an unknown god.
   617 | D:1      | Reached XP level 3. HP: 23/23 MP: 3/3
   729 | D:1      | Found Reggisso's Armour Emporium.
  1481 | D:2      | Reached XP level 4. HP: 22/28 MP: 4/4
  2415 | D:3      | Reached XP level 5. HP: 25/33 MP: 5/5
  2526 | D:3      | Found a transporter.
  2526 | D:3      | Noticed ZappyNine's ghost (amateur GnTm)
  2526 | D:3      | Noticed an ogre
  2526 | D:3      | Identified the +5 great mace of Might {freeze, Str-5 Int+6
                  | Stlth+}
  2526 | D:3      | Noticed an ogre
  2531 | D:3      | Found a transporter.
  2782 | D:3      | Found a shimmering altar of Xom.
  2981 | D:3      | Reached XP level 6. HP: 38/38 MP: 6/6
  3745 | D:4      | Noticed a two-headed ogre
  3751 | D:4      | Slain by a two-headed ogre

Illustrated notes

Levels and vault maps discovered:
D:1:      nicolae_arrival_washed_ashore, layout_basic,
          hellmonk_ecumenical_altar_dog_temple, serial_shops, shop,
          item_on_display_a
D:2:      layout_basic
D:3:      layout_loops_ring, led_xom_imps, gammafunk_ghost_smash
D:4:      layout_rooms, grunt_ministairs_8, supply_closet_lemuel,
          minmay_joined_circles, uniq_menkaure

Skill      XL: |  1  2  3  4  5  6 |
---------------+-------------------+-----
Axes           | 2 3 4 |  4.4
Armour         | 4 |  4.8
Shields        | 4 |  4.5
Fighting       | 4 |  4.1
Dodging        | |  0.4

Action                   |  1- 3 |  4- 6 || total
-------------------------+-------+-------++-------
Melee: War axe           |    91 |    43 ||   134
       Hand axe          |       |    89 ||    89
  Use: Scroll            |     4 |       ||     4
Armor: Scale mail        |    52 |     8 ||    60
       Chain mail        |       |    48 ||    48
Dodge: Dodged            |    54 |    35 ||    89
Block: Kite shield       |    50 |    66 ||   116

Table legend: (Time is in decaauts)
 A = Elapsed time spent in this place.
 B = Non-inter-level travel time spent in this place.
 C = Inter-level travel time spent in this place.
 D = Time resting spent in this place.
 E = Time spent auto-exploring this place.
 F = Levels seen in this place.
 G = Mean time per level.
                   A        B        C        D        E       F      G
               +--------+--------+--------+--------+--------+-----+--------+
         Total |   3863 |   3863 |      0 |    749 |   2372 |   4 |  965.8 |
       Dungeon |   3863 |   3863 |      0 |    749 |   2372 |   4 |  965.8 |
               +--------+--------+--------+--------+--------+-----+--------+

Top non-repeatable levels by time:
     D:2: 1415 daAuts
     D:1: 950 daAuts
     D:3: 920 daAuts
     D:4: 577 daAuts
